 Dungeon Crawl Stone Soup version 0.17.1-3-g152610e (webtiles) character file.

758 juanjsm the Covert (level 7, -2/34 HPs)
             Began as a Spriggan Enchanter on Mar 29, 2016.
             Was a Follower of Ashenzari.
             Killed from afar by an orc wizard (6 damage)
             ... with a magic dart
             ... on level 5 of the Dungeon.
             The game lasted 00:24:53 (4132 turns).

juanjsm the Covert (Spriggan Enchanter)             Turns: 4132, Time: 00:24:53

Health: -2/34      AC:  6    Str:  4      XL:     7   Next: 50%
Magic:  2/14       EV: 21    Int: 17 (18) God:    Ashenzari [*.....]
Gold:   243        SH:  0    Dex: 17      Spells: 4 memorised, 5 levels left

rFire  . . .     SeeInvis +     a - +1 dagger
rCold  . . .     Clarity  .     b - +2 robe
rNeg   . . .     SustAt   .     (shield restricted)
rPois  .         Gourm    .     k - +2 hat
rElec  .         Spirit   .     (no cloak)
rCorr  .         Warding  .     (gloves unavailable)
rMut   .         Stasis   .     (boots unavailable)
MR     ++...                    (no amulet)
Stlth  +++++.....               v - ring of protection from magic
                                p - ring of flight

@: very quick, very resistant to hostile enchantments, quite stealthy
A: unfitting armour, see invisible, herbivore 3, speed 3, slow metabolism 2
a: Scrying, Renounce Religion, Evoke Flight


You were on level 5 of the Dungeon.
You worshipped Ashenzari.
Ashenzari was aware of your devotion.
You were not hungry.

You visited 1 branch of the dungeon, and saw 5 of its levels.
You also visited: Sewer.

You collected 243 gold pieces.

Inventory:

Hand Weapons
 a - a +1 dagger (weapon)
 f - a +2 dagger of chaos
Armour
 b - a +2 robe (worn)
 k - a +2 hat (worn)
Jewellery
 p - a ring of flight (left hand)
 v - a ring of protection from magic (right hand)
Scrolls
 e - 7 scrolls of identify
 g - a scroll of magic mapping {unknown}
 j - a scroll of amnesia {unknown}
 m - a scroll of blinking {unknown}
 n - 2 scrolls of fear
 o - 3 scrolls of teleportation
 u - 3 scrolls of enchant weapon {unknown}
Potions
 h - 2 potions of curing
 i - 2 potions of heal wounds
 q - 4 potions of flight {unknown}
 r - 2 potions of invisibility {unknown}
 t - 2 potions of poison {unknown}
Books
 c - a book of Maledictions

   Spells                             Type                      Level
   a - Corona                         Hexes                        1
   b - Ensorcelled Hibernation        Hexes/Ice                    2
   c - Confuse                        Hexes                        3
   d - Tukima's Dance                 Hexes                        3
   e - Dazzling Spray                 Conjuration/Hexes            3
Comestibles
 d - 3 bread rations
 l - 5 fruits


   Skills:
 * Level 1.7 Fighting
 * Level 2.5 Short Blades
 * Level 5.6 Dodging
 * Level 9.1 Stealth
 * Level 4.3 Spellcasting
 * Level 5.2 Hexes
 + Level 1.0 Ice Magic


You had 5 spell levels left.
You knew the following spells:

 Your Spells              Type           Power        Failure   Level  Hunger
a - Corona                Hex            ###....      1%          1    None
b - Ensorcelled Hibernat  Hex/Ice        ##....       10%         2    ##.....
c - Confuse               Hex            ###.....     8%          3    ###....
d - Dazzling Spray        Conj/Hex       ##......     17%         3    ###....


Dungeon Overview and Level Annotations

Branches:
Dungeon (5/15)             Temple (0/1) D:4

Altars:
Ashenzari
Elyvilon
Kikubaaqudgha
Ru
Xom
Zin

Shops:
D:4 }


Innate Abilities, Weirdness & Mutations

You are tiny and cannot use many weapons and most armour.
You have supernaturally acute eyesight.
You are a herbivore.
You cover ground extremely quickly.
You need consume almost no food.


Message History

The centaur closely misses the orc wizard.
You are too injured to fight recklessly!
The centaur misses the orc.
You see here 2 arrows.
You hit the centaur.
The centaur is lightly wounded.
You hit the centaur but do no damage.
The centaur is lightly wounded.
The centaur completely misses you.
The orc wizard casts a cantrip, but nothing happens.
You hit the centaur but do no damage.
The centaur is lightly wounded.
The centaur hits the orc wizard but does no damage.
The centaur hits the orc.
The orc is killed!
You hit the centaur.
The centaur is moderately wounded.
The orc wizard gestures at you while chanting.
The magic dart hits you!
You die...

#.#..##.###.#
#... #.#..##.###
#... #.#.>......
.....
#.#.###.###
###... #.#.# #.#
#... #.#.# #.#
... #.#.###.# #
... #(#{....#
.######
#@#####.###.....
#)######........
#oc...oo.....c..
########[.......
#.)......
#...o....
#....o...
#........
########.


You could see a centaur (confused) and an orc wizard.

Vanquished Creatures
  Sigmund (D:3)
  An ogre (D:4)
  A hound (D:5)
  An orc priest (D:5)
  3 crimson imps (D:3)
  3 orc wizards
  2 worker ants (D:4)
  A hound skeleton (D:5)
  10 adders
  6 oozes
  4 worms (Sewer)
  A giant gecko (D:3)
  7 orcs
  18 bats
  9 goblins
  3 hobgoblins
  4 jackals (Sewer)
  10 kobolds
  5 ball pythons
  11 giant cockroaches
  3 giant newts
  9 rats
113 creatures vanquished.

Notes
Turn   | Place    | Note
--------------------------------------------------------------
     0 | D:1      | juanjsm the Spriggan Enchanter began the quest for the Orb.
     0 | D:1      | Reached XP level 1. HP: 9/9 MP: 5/5
   100 | D:1      | Reached XP level 2. HP: 4/13 MP: 2/6
   104 | D:1      | Learned a level 2 spell: Ensorcelled Hibernation
   635 | D:1      | Reached skill level 5 in Stealth
   841 | D:2      | Reached XP level 3. HP: 16/16 MP: 8/8
   956 | D:2      | Found a sacrificial altar of Ru.
  1082 | D:2      | Found an ancient bone altar of Kikubaaqudgha.
  1148 | D:2      | Found a white marble altar of Elyvilon.
  1178 | D:2      | Found a shattered altar of Ashenzari.
  1183 | D:2      | Became a worshipper of Ashenzari the Shackled
  1188 | D:2      | Learned a level 3 spell: Confuse
  1240 | D:2      | Reached skill level 6 in Stealth
  1557 | D:3      | Noticed Sigmund
  1564 | D:3      | Killed Sigmund
  1564 | D:3      | Reached skill level 1 in Fighting
  1564 | D:3      | Reached skill level 7 in Stealth
  1564 | D:3      | Reached XP level 4. HP: 20/22 MP: 4/9
  1564 | D:3      | Reached XP level 5. HP: 22/25 MP: 4/10
  1577 | D:3      | Learned a level 3 spell: Dazzling Spray
  1592 | D:3      | Found a shimmering altar of Xom.
  1955 | D:3      | Reached XP level 6. HP: 28/30 MP: 6/12
  2002 | D:3      | Noticed a phantom
  2148 | D:3      | Found a faded altar to an unknown god.
  2240 | D:3      | Reached skill level 8 in Stealth
  2316 | D:4      | Found a glowing drain.
  2388 | Sewer    | Entered a sewer
  2708 | Sewer    | Reached * piety under Ashenzari
  3303 | D:4      | Found a staircase to the Ecumenical Temple.
  3390 | D:4      | Reached skill level 5 in Dodging
  3394 | D:4      | Reached skill level 5 in Hexes
  3418 | D:4      | Found a glowing silver altar of Zin.
  3824 | D:4      | Reached XP level 7. HP: 33/33 MP: 8/13
  3837 | D:4      | Found Zouw's Gadget Shoppe.
  3954 | D:5      | Entered Level 5 of the Dungeon
  3964 | D:5      | Reached skill level 9 in Stealth
  4057 | D:5      | Reached skill level 1 in Ice Magic
  4132 | D:5      | Killed from afar by an orc wizard

Action                   |  1- 3 |  4- 6 |  7- 9 || total
-------------------------+-------+-------+-------++-------
Melee: Dagger            |    69 |   157 |    16 ||   242
 Cast: Corona            |     6 |       |       ||     6
       Ensorcelled Hiber |    18 |    22 |     9 ||    49
       Dazzling Spray    |       |     8 |     3 ||    11
       Confuse           |       |     6 |     5 ||    11
 Abil: Evoke Flight      |       |     3 |       ||     3
  Use: Scroll            |       |     7 |       ||     7
       Potion            |       |     4 |     2 ||     6
 Stab: Sleeping          |    34 |    27 |     9 ||    70
       Invisible         |       |     2 |       ||     2
       Confused          |       |     3 |       ||     3
  Eat: Pizza             |       |     1 |       ||     1
       Fruit             |       |     2 |     1 ||     3
       Royal jelly       |       |     1 |       ||     1
